 Dungeon Crawl Stone Soup version 0.21.1-1-g345015f (webtiles) character file.

59 equalderp2856 the Covered (level 3, -6/33 HPs)
             Began as a Minotaur Fighter on Apr 29, 2018.
             Killed by divine providence
             ... invoked by an orc priest
              (17 damage)
             ... on level 2 of the Dungeon.
             The game lasted 00:01:30 (1561 turns).

equalderp2856 the Covered (Minotaur Fighter)        Turns: 1561, Time: 00:01:31

Health: -6/33      AC:  7    Str: 20    XL:     3   Next: 78%
Magic:  2/2        EV:  7    Int:  5    God:
Gold:   77         SH:  9    Dex: 10    Spells: 2/2 levels left

rFire    . . .     SeeInvis .   a - +0 war axe
rCold    . . .     Gourm    .   c - +0 shield
rNeg     . . .     Faith    .   b - +0 scale mail
rPois    .         Spirit   .   (helmet restricted)
rElec    .         Reflect  .   (no cloak)
rCorr    .         Harm     .   (no gloves)
MR       .....                  (no boots)
Stlth    ..........             i - amulet of magic regeneration
HPRegen  0.11/turn              (no ring)
MPRegen  0.33/turn              (no ring)

@: no status effects
A: retaliatory headbutt, horns 2
a: no special abilities


You were on level 2 of the Dungeon.
You were very hungry.

You visited 1 branch of the dungeon, and saw 3 of its levels.

You collected 77 gold pieces.

Inventory:

Hand Weapons
 a - a +0 war axe (weapon)
Armour
 b - a +0 scale mail (worn)
 c - a +0 shield (worn)
Jewellery
 i - an amulet of magic regeneration (around neck)
Scrolls
 e - 2 scrolls of remove curse {unknown}
 g - 2 scrolls of teleportation {unknown}
 h - 2 scrolls of fog {unknown}
 j - a scroll of fear {unknown}
 k - 3 scrolls of identify {unknown}
 m - a scroll of immolation {unknown}
Potions
 d - 2 potions of might
 l - a potion of curing {unknown}
Comestibles
 f - 3 rations


   Skills:
 + Level 4.3 Fighting
 + Level 3.1 Axes
 + Level 4.4 Armour
 + Level 4.1 Shields


You had 2 spell levels left.
You didn't know any spells.

Dungeon Overview and Level Annotations

Branches:
Dungeon (3/15)

Altars:

Annotations:
D:2 Sigmund


Innate Abilities, Weirdness & Mutations

You reflexively headbutt those who attack you in melee.
You have a pair of horns on your head.


Message History

The orc hits you with a trident!
There is a stone staircase leading up here.
The orc barely misses you.
The orc priest casts a cantrip, but nothing happens.
The orc hits you but does no damage.
You climb upwards.
Level annotation: Sigmund
There is a stone staircase leading down here.
You hit the orc priest. You headbutt the orc priest.
The orc priest is heavily wounded.
You barely miss the orc. You hit the orc but do no damage.
You block the orc's attack. The orc priest hits you.
You block the orc's attack.
You slash the orc priest! Your headbutt misses the orc priest.
The orc priest is almost dead.
You closely miss the orc. You hit the orc. You block the orc's attack.
The orc priest invokes the aid of Beogh against you.
Beogh smites you!
Ouch! That really hurt!
You die...

###.###.##...# #.#..# #.#
##...###.##...####.#..# #.#
#.....##.##...........# #.#
##..............###....######.##
##.#....#..###....#.......>.....#
..###..##..# #..........#######.#
.## ##.##.<# ##.........# #.#
..###.###..#####.o#....)# #<#
.#.#.## #......o@###.#### #.#
.##.## #..#####.o#.## #.# .##.#
#..#####.#.## #.#
.##[#####..#.##....# #..
###.........#......# ###
.........#.##....#
.....###...)...#.# ......(
#.#######.# .......##.# #.#


You could see an orc priest and 2 orcs.

Vanquished Creatures
  A gnoll (D:1)
  An adder (D:2)
  A worm (D:2)
  A dart slug (D:1)
  A leopard gecko (D:2)
  2 ball pythons (D:1)
  5 goblins (D:1)
  3 hobgoblins
  4 jackals (D:1)
  A quokka (D:2)
  3 bats (D:1)
  3 frilled lizards (D:1)
  4 kobolds
  4 rats
34 creatures vanquished.

Notes
Turn   | Place    | Note
-------+----------+-------------------------------------------
     0 | D:1      | equalderp2856 the Minotaur Fighter began the quest for the Orb.
     0 | D:1      | Reached XP level 1. HP: 19/19 MP: 0/0
   234 | D:1      | Reached XP level 2. HP: 9/27 MP: 1/1
   678 | D:1      | Reached XP level 3. HP: 26/33 MP: 2/2
  1321 | D:2      | Noticed Sigmund
  1561 | D:2      | Killed from afar by an orc priest

Skill      XL: |  1  2  3 |
---------------+----------+-----
Fighting       | 4 |  4.3
Shields        | 4 |  4.1
Axes           | 3 |  3.1
Armour         | 4 |  4.4

Action                   || total
-------------------------++-------
Melee: War axe           ||    77
       Headbutt          ||    11
  Eat: Chunk             ||     1
Armor: Scale mail        ||    38
Dodge: Dodged            ||    31
Block: Shield            ||    59
